 Dungeon Crawl Stone Soup version 0.20-a0-1114-g33edf32 (webtiles) character file.

16748 theAP the Bludgeoner (level 12, -1/103 HPs)
             Began as a Formicid Fighter on May 6, 2017.
             Was a High Priest of Okawaru.
             Slain by a troll (5 damage)
             ... on level 11 of the Dungeon.
             The game lasted 00:25:25 (12199 turns).

theAP the Bludgeoner (Formicid Fighter)            Turns: 12199, Time: 00:25:25

Health: -1/103     AC: 14    Str: 26    XL:     12   Next: 74%
Magic:  12/12      EV:  5    Int:  8    God:    Okawaru [*****.]
Gold:   334        SH:  9    Dex: 13    Spells: 11/11 levels left

rFire    . . .     SeeInvis +   F - +4 dire flail
rCold    . . .     Gourm    .   c - +1 shield
rNeg     . . .     Faith    +   o - +3 chain mail {rPois}
rPois    +         Spirit   .   (helmet unavailable)
rElec    .         Reflect  .   (no cloak)
rCorr    +         Harm     .   D - +1 pair of gloves {Dex+3}
MR       +....                  (no boots)
Stlth    ..........             g - amulet of faith
Regen    0.3/turn               G - ring of stealth
MPRegen  0.2/turn               p - ring of resist corrosion

@: extremely drained
A: permanent stasis, dig shafts and tunnels, four strong arms, antennae 3,
hooves 2, sense surroundings 1, shaggy fur 1
a: Dig, Shaft Self, Heroism, Finesse, Renounce Religion


You were on level 11 of the Dungeon.
You worshipped Okawaru.
Okawaru was extremely pleased with you.
You were not hungry.

You visited 2 branches of the dungeon, and saw 12 of its levels.
You also visited: Sewer.

You collected 663 gold pieces.
You spent 329 gold pieces at shops.

Inventory:

Hand Weapons
 b - a +2 great mace of protection
 j - a +0 morningstar
 F - a +4 dire flail (weapon)
Armour
 c - a +1 shield (worn)
 o - a +3 chain mail of poison resistance (worn)
 t - a +0 pair of gloves
 D - a +1 pair of gloves of dexterity (worn)
 M - a +0 plate armour
Jewellery
 g - an amulet of faith (around neck)
 p - a ring of resist corrosion (right hand)
 G - a ring of stealth (left hand)
 L - an uncursed amulet of regeneration {unknown}
Wands
 e - a wand of scattershot (8/9)
 i - a wand of iceblast (8/15)
 w - a wand of disintegration (3/24)
 I - a wand of flame (28/48)
 K - a wand of paralysis (8/24)
Scrolls
 k - 3 scrolls of remove curse
 q - a scroll of fog
 s - a scroll of enchant armour
 u - a scroll of magic mapping
 y - 5 scrolls of identify
 z - 3 scrolls of fear
 E - a scroll of recharging
Potions
 h - a potion of curing
 m - a potion of agility
 n - 2 potions of cancellation
 r - 4 potions of brilliance
 A - 3 potions of lignification
 B - a potion of invisibility
 C - 3 potions of magic
 H - a potion of resistance
 O - a potion of haste
Books
 x - a book of Conjurations

   Spells                             Type                      Level
   a - Magic Dart                     Conjuration                  1
   b - Searing Ray                    Conjuration                  2
   c - Dazzling Spray                 Conjuration/Hexes            3
   d - Fulminant Prism                Conjuration/Hexes            4
   e - Force Lance                    Conjuration/Translocation    4
   f - Iskenderun's Mystic Blast      Conjuration                  4
 J - a book of Maledictions

   Spells                             Type                      Level
   a - Corona                         Hexes                        1
   b - Ensorcelled Hibernation        Hexes/Ice                    2
   c - Confuse                        Hexes                        3
   d - Tukima's Dance                 Hexes                        3
   e - Dazzling Spray                 Conjuration/Hexes            3
 N - a book of Fire

   Spells                             Type                      Level
   a - Ignite Poison                  Fire/Transmutation/Poison    3
   b - Fireball                       Conjuration/Fire             5
   c - Bolt of Fire                   Conjuration/Fire             6
   d - Ring of Flames                 Charms/Fire                  7
   e - Ignition                       Fire                         8
Miscellaneous
 d - a phial of floods
Comestibles
 a - 9 fruits
 f - 6 bread rations
 l - 4 meat rations
 v - 5 royal jellies


   Skills:
 + Level 12.6(0.0) Fighting
 * Level 15.6(0.1) Maces & Flails
 - Level 3.2(0.0) Armour
 - Level 3.8(0.0) Shields


You had 11 spell levels left.
You didn't know any spells.

Dungeon Overview and Level Annotations

Branches:
Dungeon (11/15)            Temple (1/1) D:7            Lair (0/6) D:9
    Orc (0/2) D:9

Altars:
Ashenzari
Cheibriados
Elyvilon
Fedhas
Nemelex Xobeh
Okawaru
Ru
Trog
Uskayaw
Wu Jian
Yredelemnul
Zin

Shops:
D:11 [


Innate Abilities, Weirdness & Mutations

You cannot be hasted, slowed, berserked, paralysed or teleported.
You can dig through walls and to a lower floor.
Your four strong arms can wield two-handed weapons with a shield.
You have a pair of large antennae on your head. (SInv)
You have hoof-like feet.
You passively map a small area around you.
You are covered in fur. (AC +1)


Message History

* * * LOW HITPOINT WARNING * * *
You thump the yak!
You kill the yak!
Okawaru accepts your kill. The troll barely misses you.
You block the troll's attack. The troll claws you.
* * * LOW HITPOINT WARNING * * *
The troll bites you.
* * * LOW HITPOINT WARNING * * *
You block the troll's attack. The troll barely misses you.
Okay, then.
You hit the yak but do no damage. You kick the yak.
The yak is lightly wounded.
The yak gores you but does no damage. The troll bites you!
* * * LOW HITPOINT WARNING * * *
The troll barely misses you. You block the troll's attack.
The yak gores you but does no damage.
You hit the yak. You kick the yak, but do no damage.
The yak is lightly wounded.
The troll bites you.
You die...

...<.......# #.....>...
...>.......# #.........
...........###.........,
* ...........'.#.........
* ...<)......#.'.........
* ....)†(<...###.........
######†##### #.........
#..# ##T#######* ###.##
#.@YY### ##...#
####.Y.### #..### ###...#
##'###### ######.##
#......)###### #{..(...#
'.......'.)..## #.......#
#.......####..###.......#
#.......# ##..5#...Y...#
#.......# ###.#...Y...#


You could see 3 yaks and a troll.

Vanquished Creatures
  3 two-headed ogres
  A tengu warrior (D:10)
  The ghost of Wiebster667 the Frost Mage, a novice HuIE of Vehumet (D:9)
  Sonja (D:11)
  An unseen horror (D:11)
  The ghost of Dominolapin the Protected, a novice DsGl of Okawaru (D:8)
  The ghost of Dominolapin the Covered, a novice DsGl of Ru (D:5)
  A centaur zombie (D:7)
  2 trolls (D:10)
  2 hornets
  A hippogriff (D:9)
  20 yaks
  Eustachio (D:6)
  Edmund (D:5)
  4 hungry ghosts
  2 vampire mosquitoes (D:11)
  A soldier ant (D:10)
  A warg (D:9)
  Purgy (Sewer)
  3 black bears
  4 ice beasts
  6 orc warriors
  A sky beast (D:8)
  7 ogres
  5 centaurs
  A big kobold (D:7)
  A gnoll sergeant (D:11)
  6 bullfrogs
  5 scorpions
  16 wights
  3 howler monkeys
  11 crimson imps
  A quasit (D:9)
  A bullfrog zombie (D:7)
  4 hounds
  3 jellies
  11 orc priests
  13 orc wizards
  2 bullfrog skeletons
  3 centaur skeletons
  7 iguanas
  5 worker ants
  A hound skeleton (D:8)
  2 howler monkey zombies
  5 gnolls
  2 river rats (D:6)
  7 adders
  A shadow imp (D:6)
  An ooze (D:1)
  An adder skeleton (D:4)
  2 adder zombies
  5 worms
  2 dart slugs
  6 leopard geckos
  40 orcs
  4 ball pythons
  4 bats
  6 giant cockroaches
  10 goblins
  9 hobgoblins
  9 jackals
  14 kobolds
  2 quokkas (D:3)
  A ball python skeleton (D:5)
  6 frilled lizards
  A giant cockroach zombie (D:5)
  2 leopard gecko skeletons
  A quokka zombie (D:7)
  9 rats
318 creatures vanquished.

Vanquished Creatures (others)
  A ball python (D:2)
1 creature vanquished.

Grand Total: 319 creatures vanquished

Notes
Turn   | Place    | Note
-------+----------+-------------------------------------------
     0 | D:1      | theAP the Formicid Fighter began the quest for the Orb.
     0 | D:1      | Reached XP level 1. HP: 18/18 MP: 1/1
    55 | D:1      | Reached XP level 2. HP: 20/24 MP: 2/2
   293 | D:1      | Reached XP level 3. HP: 29/29 MP: 3/3
   464 | D:1      | Reached skill level 3 in Maces & Flails
   751 | D:2      | Reached XP level 4. HP: 19/37 MP: 4/4
  1324 | D:2      | Found a white marble altar of Elyvilon.
  1578 | D:3      | Reached skill level 4 in Maces & Flails
  2116 | D:4      | Reached XP level 5. HP: 30/42 MP: 5/5
  2221 | D:4      | Found a blossoming altar of Fedhas.
  2332 | D:4      | Reached skill level 5 in Maces & Flails
  2332 | D:4      | Reached XP level 6. HP: 20/49 MP: 6/6
  2673 | D:4      | Gained mutation: You are clumsy. (Dex -2) [potion of mutation]
  2673 | D:4      | Gained mutation: Your body sometimes deteriorates upon taking damage. [potion of mutation]
  2673 | D:4      | Gained mutation: You have large cloven feet. [potion of mutation]
  2967 | D:5      | Entered Level 5 of the Dungeon
  2967 | D:5      | Noticed an ogre
  2968 | D:5      | Noticed an ogre
  2977 | D:4      | Killed an ogre
  2977 | D:4      | Reached XP level 7. HP: 37/55 MP: 7/7
  3080 | D:5      | Reached skill level 5 in Fighting
  3080 | D:5      | Reached skill level 6 in Maces & Flails
  3520 | D:5      | Reached skill level 7 in Maces & Flails
  3789 | D:5      | Noticed Dominolapin's ghost (novice DsGl)
  3798 | D:5      | Killed Dominolapin's ghost
  3798 | D:5      | Reached skill level 8 in Maces & Flails
  3798 | D:5      | Reached XP level 8. HP: 55/65 MP: 8/8
  4173 | D:5      | Noticed Edmund
  4184 | D:5      | Killed Edmund
  4184 | D:5      | Reached skill level 9 in Maces & Flails
  4184 | D:5      | Reached XP level 9. HP: 69/72 MP: 9/9
  4452 | D:6      | Found a glowing drain.
  4479 | Sewer    | Entered a sewer
  4531 | Sewer    | Noticed Purgy
  4548 | Sewer    | Killed Purgy
  4883 | D:6      | Reached skill level 10 in Maces & Flails
  4971 | D:6      | Noticed Eustachio
  4986 | D:6      | Killed Eustachio
  5681 | D:7      | Found a staircase to the Ecumenical Temple.
  5694 | Temple   | Entered the Ecumenical Temple
  5703 | Temple   | Became a worshipper of Warmaster Okawaru
  6071 | D:7      | Reached * piety under Okawaru
  6071 | D:7      | Reached skill level 11 in Maces & Flails
  6071 | D:7      | Reached XP level 10. HP: 82/82 MP: 10/10
  6073 | D:7      | Found a sparkling altar of Nemelex Xobeh.
  6398 | D:8      | Noticed Dominolapin's ghost (novice DsGl)
  6423 | D:8      | Killed Dominolapin's ghost
  6423 | D:8      | Reached ** piety under Okawaru
  6990 | D:8      | Reached skill level 12 in Maces & Flails
  7366 | D:8      | Gained mutation: You are covered in fur. (AC +1) [mutagenic meat]
  7367 | D:8      | Lost mutation: You are clumsy. (Dex -2) [mutagenic meat]
  7368 | D:8      | Gained mutation: You passively map a small area around you. [mutagenic meat]
  7370 | D:8      | Gained mutation: You have hoof-like feet. [mutagenic meat]
  7371 | D:8      | Lost mutation: Your body sometimes deteriorates upon taking damage. [mutagenic meat]
  7454 | D:9      | Noticed a two-headed ogre
  7463 | D:9      | Reached *** piety under Okawaru
  7477 | D:9      | Reached skill level 10 in Fighting
  7481 | D:9      | HP: 1/85 [two-headed ogre/giant spiked club (8)]
  7482 | D:9      | Killed a two-headed ogre
  7482 | D:9      | Reached XP level 11. HP: 1/91 MP: 11/11
  7748 | D:8      | Reached skill level 13 in Maces & Flails
  8099 | D:9      | Reached **** piety under Okawaru
  8201 | D:9      | Noticed Wiebster667's ghost (novice HuIE)
  8228 | D:9      | Killed Wiebster667's ghost
  8462 | D:9      | Found a staircase to the Lair.
  8544 | D:9      | Found a white marble altar of Elyvilon.
  8639 | D:9      | Found a staircase to the Orcish Mines.
  9039 | D:10     | Entered Level 10 of the Dungeon
  9212 | D:10     | Reached ***** piety under Okawaru
  9437 | D:10     | Reached skill level 14 in Maces & Flails
  9809 | D:10     | Received a gift from Okawaru
  9824 | D:10     | Found a basalt altar of Yredelemnul.
 10250 | D:10     | Noticed a tengu warrior
 10261 | D:10     | Killed a tengu warrior
 10261 | D:10     | Reached XP level 12. HP: 35/101 MP: 12/12
 10643 | D:11     | Found Otiax's Armour Shoppe.
 10677 | D:11     | Bought a +3 chain mail of poison resistance for 329 gold pieces
 10721 | D:11     | Noticed an unseen horror
 10732 | D:11     | Killed an unseen horror
 10782 | D:11     | Noticed Sonja
 11040 | D:11     | Noticed a two-headed ogre
 11060 | D:11     | Killed a two-headed ogre
 11060 | D:11     | Reached skill level 15 in Maces & Flails
 11288 | D:11     | Killed Sonja
 11288 | D:11     | Received a gift from Okawaru
 11594 | D:11     | Noticed a two-headed ogre
 11611 | D:11     | Killed a two-headed ogre
 11617 | D:11     | Reached ****** piety under Okawaru
 12198 | D:11     | HP: 4/103 [troll (9)]
 12199 | D:11     | Slain by a troll

Vault maps used:
D:1:      dpeg_arrival_tiny_c, item_on_display_a
D:2:      minmay_diamond_boxcup, minivault_11, elyvilon_altar_4
D:3:      serial_forest, infiniplex_forest_end_3, infiniplex_forest_corner_1,
          infiniplex_forest_lined_room_2, infiniplex_forest_clump_tiny,
          infiniplex_forest_corner_2
D:4:      fedhas_altar_fruit_tree
D:5:      first_bread, uniq_edmund
D:6:      portal_sewer_entry_a, uniq_eustachio
D:7:      lemuel_crystal_altar, minmay_temple_entry_mist
D:9:      dpeg_oklobed_lair, erik_orc_3, basic_altar
D:10:     grunt_tengu_nest, yredelemnul_altar_generic
D:11:     serial_shops, shop, uniq_sonja
Temple:   compressed_dpeg_triangle_lava_temple
Sewer:    sewer_co_purgy_island

Skill      XL: |  1  2  3  4  5  6  7  8  9 10 11 12 |
---------------+-------------------------------------+-----
Maces & Flails | 3 4 5 8 9 11 12 14 15 | 15.6
Fighting       | 4 6 7 8 10 11 12 | 12.6
Armour         | |  3.2
Shields        | |  3.8

Action                   |  1- 3 |  4- 6 |  7- 9 | 10-12 || total
-------------------------+-------+-------+-------+-------++-------
Melee: Flail             |    96 |   213 |   125 |       ||   434
       Kick              |       |     3 |    82 |   210 ||   295
       Morningstar       |       |       |   193 |   141 ||   334
       Dire flail        |       |       |       |   636 ||   636
  Use: Potion            |       |     3 |     3 |     8 ||    14
       Scroll            |       |    10 |    11 |     2 ||    23
  Eat: Chunk             |       |     7 |    10 |    10 ||    27
       Meat ration       |       |       |       |     2 ||     2
       Royal jelly       |       |       |       |     1 ||     1
       Fruit             |       |       |       |    29 ||    29
Armor: Scale mail        |    62 |    97 |    28 |       ||   187
       Chain mail        |       |       |   107 |   263 ||   370
       Plate armour      |       |       |       |    89 ||    89
Dodge: Dodged            |    32 |   100 |    80 |   136 ||   348
Block: Shield            |    70 |   129 |   149 |   329 ||   677
